 Dungeon Crawl Stone Soup version 0.28.0-43-g3370ac3207 (webtiles) character file.

Game seed: 6335537697986964213

10201 terff the Fighter (level 11, -2/89 HPs)
             Began as a Human Fighter on Mar 30, 2022.
             Was an Elder of Okawaru.
             Slain by a meliai
             ... wielding a +0 hand axe
              (11 damage)
             ... on level 10 of the Dungeon.
             The game lasted 00:27:08 (12600 turns).

terff the Fighter (Human Fighter)                  Turns: 12600, Time: 00:27:08

Health: -2/89      AC: 13    Str: 22    XL:     11   Next: 88%
Magic:  11/11      EV: 17    Int: 16    God:    Okawaru [****..]
Gold:   629        SH:  5    Dex: 13    Spells: 10/10 levels left

rFire   + . .      SeeInvis .   A - +8 long sword of Niapukh {vorpal, Str+2 Int+4}
rCold   . . .      Faith    .   c - +0 buckler
rNeg    . . .      Spirit   .   b - +3 leather armour "Sat Feyrr" {rPois Will++ Int+3}
rPois   +          Reflect  .   i - +2 helmet
rElec   .          Harm     .   H - +1 cloak
rCorr   .          Rampage  .   (no gloves)
Will    ++...                   u - +0 pair of boots
Stlth   ++........              v - amulet of the acrobat
HPRegen 0.24/turn               j - +4 ring of evasion
MPRegen 0.12/turn               k - ring of protection from fire

@: lethally poisoned (-2 -> -7), studying Stealth
A: no striking features
a: Renounce Religion, Heroism, Finesse


You were on level 10 of the Dungeon.
You worshipped Okawaru.
Okawaru was greatly pleased with you.
You visited 2 branches of the dungeon, and saw 11 of its levels.

You collected 629 gold pieces.

Inventory:

Hand Weapons
 e - a +3 spear of venom
 f - a +5 hand axe of freezing
 A - the +8 long sword of Niapukh (weapon) {vorpal, Str+2 Int+4}
   (You took it off a centaur on level 6 of the Dungeon)

   It inflicts extra damage upon your enemies.
   Str:       It affects your strength (+2).
   Int:       It affects your intelligence (+4).
Armour
 b - the +3 leather armour "Sat Feyrr" (worn) {rPois Will++ Int+3}
   (You found it on level 3 of the Dungeon)

   Int:       It affects your intelligence (+3).
   rPois:     It protects you from poison.
   Will:      It greatly increases your willpower.
 c - a +0 buckler (worn)
 i - a +2 helmet (worn)
 u - a +0 pair of boots (worn)
 F - a +2 chain mail of cold resistance
 H - a +1 cloak (worn)
Jewellery
 j - a +4 ring of evasion (left hand)
 k - a ring of protection from fire (right hand)
 v - an amulet of the acrobat (around neck)
 D - a ring of protection from cold
Wands
 d - a wand of digging (11)
 z - a wand of polymorph (20)
 G - a wand of iceblast (10)
Scrolls
 g - 2 scrolls of torment
 l - a scroll of vulnerability
 p - a scroll of enchant armour
 s - a scroll of amnesia
 w - 2 scrolls of holy word
 y - a scroll of magic mapping
 C - 2 scrolls of teleportation
Potions
 h - 2 potions of lignification
 m - a potion of flight {unknown}
 n - 3 potions of attraction
 o - a potion of ambrosia {unknown}
 q - 2 potions of might
 r - a potion of degeneration {unknown}
 t - 3 potions of magic {unknown}
 x - a potion of haste {unknown}
 B - a potion of heal wounds {unknown}
 E - a potion of curing {unknown}
 I - a potion of brilliance {unknown}


   Skills:
 * Level 9.3 Fighting
 + Level 8.8 Long Blades
 - Level 6.2(7.1) Axes
 + Level 5.2(6.6) Polearms
 + Level 5.6 Armour
 + Level 6.1 Dodging
 + Level 4.2 Stealth
 + Level 6.4 Shields


You had 10 spell levels left.
You didn't know any spells.
Your spell library contained the following spells:

 Spells                   Type           Power      Damage    Failure   Level
 Corpse Rot               Necr/Air       0%         N/A       50%         2
 Poisonous Vapours        Pois/Air       0%         N/A       50%         2
 Static Discharge         Conj/Air       0%         N/A       50%         2
 Lightning Bolt           Conj/Air       0%         1d11      100%        5
 Maxwell's Capacitive Co  Air            0%         ∞         100%        8
 Animate Dead             Necr           Unusable   N/A       N/A         4
 Haunt                    Necr/Summ      Unusable   N/A       N/A         7
 Infestation              Necr           Unusable   N/A       N/A         8

Dungeon Overview and Level Annotations

Branches:
Dungeon (10/15)            Temple (1/1) D:6             Orc (0/2) D:10
   Lair: D:8-11

Altars:
Ashenzari
Cheibriados
Dithmenos
Elyvilon
Fedhas
Gozag
Hepliaklqana
Kikubaaqudgha
Makhleb
Nemelex Xobeh
Okawaru
Qazlal
Ru
Trog
Uskayaw
Vehumet
Wu Jian
Xom
Yredelemnul
Zin
The Shining One


Message History

You slash the meliai!
The meliai is heavily wounded.
The meliai calls upon its god to heal the meliai.
The meliai is healed somewhat.
You block the meliai's attack. The meliai closely misses you.
The yak gores you but does no damage.
You hit the meliai.
The meliai is heavily wounded.
The meliai closely misses you. You block the meliai's attack.
The yak gores you. The yak barely misses you. x2
The yak gores you but does no damage.
You closely miss the meliai.
The meliai is heavily wounded.
The meliai calls upon its god to heal the meliai.
The meliai is healed somewhat.
You block the meliai's attack. The meliai barely misses you. The yak gores you!
The yak gores you but does no damage. The yak closely misses you.
The yak gores you. The meliai hits you with a +0 hand axe.
The meliai stings you.
You are poisoned.
The meliai poisons you!
Blink to where?
Press: ? - help, Dir - move target
As you read the scroll of blinking, it crumbles to dust.
You feel very sick.
The meliai calls down the wrath of its god upon you.
Something smites you!
The meliai calls upon its god to heal the meliai.
The meliai's wounds heal themselves!
The meliai mumbles some strange prayers to its god against you.
Something smites you!
* * * LOW HITPOINT WARNING * * *
You hear a shout!
You feel very sick.
You feel very sick.
The yak snorts and paws the ground.
You feel very sick.
You feel sick.
There is a stone staircase leading up here.
You feel sick. The meliai hits you with a +0 hand axe!
You die...

##......#
.......#####.
##.............
#8..............
#................
+..>.............
#................
#8...@y..........
##...YYy.........
.......#Y..........
.>.....##y.Y.......
....... ##.?.......
....... #.....?...
....... #.......≈≈
....... #....?..≈§
....... #........≈≈


You could see 4 yaks and 3 meliai.

Vanquished Creatures
  Gastronok (D:8)
  A two-headed ogre (D:9)
  Maurice (D:7)
  5 gargoyles (D:7)
  Maggie (D:8)
  A kobold demonologist (D:9)
  Grinder (D:3)
  Sigmund (D:2)
  8 yaks (D:9)
  A steam dragon (D:8)
  An acid dragon (D:8)
  2 water moccasins
  Duvessa (D:6)
  2 sky beasts
  2 orc warriors
  4 ice beasts
  4 black bears
  3 ogres
  4 necrophages
  The ghost of pkoi the Insei, an amateur DgWr (D:3)
  5 centaurs
  A bullfrog (D:7)
  2 kobold brigands
  A wyvern zombie (D:6)
  4 scorpions
  A water moccasin zombie (D:6)
  Dowan (D:6)
  A killer bee (D:4)
  A water moccasin skeleton (D:5)
  3 howler monkeys (D:9)
  5 wights
  2 bullfrog zombies
  A centaur zombie (D:9)
  3 jellies
  2 hounds
  4 orc priests
  A gnoll shaman (D:4)
  2 bullfrog skeletons
  2 centaur skeletons (D:6)
  2 iguanas
  Jessica (D:3)
  Terence (D:3)
  5 orc wizards
  2 killer bee zombies (D:8)
  4 gnolls (D:2)
  A howler monkey skeleton (D:6)
  11 adders
  An adder skeleton (D:4)
  3 worms (D:2)
  4 dart slugs
  35 orcs
  7 bats
  6 endoplasms
  2 giant cockroaches
  5 goblins
  3 hobgoblins
  12 jackals
  4 quokkas
  11 ball pythons
  8 frilled lizards
  18 kobolds
  5 rats
  A butterfly (D:6)
239 creatures vanquished.

Notes
Turn   | Place    | Note
-------+----------+-------------------------------------------
     0 | D:1      | terff the Human Fighter began the quest for the Orb.
     0 | D:1      | Reached XP level 1. HP: 18/18 MP: 1/1
    65 | D:1      | Reached XP level 2. HP: 24/24 MP: 2/2
    78 | D:1      | Found a faded altar of an unknown god.
   245 | D:1      | Reached XP level 3. HP: 29/29 MP: 3/3
  1100 | D:2      | Noticed a necrophage
  1526 | D:2      | Reached XP level 4. HP: 34/35 MP: 4/4
  1882 | D:2      | Killed a necrophage
  1883 | D:2      | Reached skill level 1 in Dodging
  1883 | D:2      | Reached XP level 5. HP: 24/41 MP: 5/5
  2172 | D:2      | Noticed Sigmund
  2179 | D:2      | Killed Sigmund
  2180 | D:2      | Reached skill level 4 in Fighting
  2180 | D:2      | Reached XP level 6. HP: 43/49 MP: 6/6
  2935 | D:3      | Reached XP level 7. HP: 55/55 MP: 7/7
  3161 | D:3      | Noticed Grinder
  3165 | D:3      | Paralysed by Grinder for 4 turns
  3180 | D:3      | Killed Grinder
  3181 | D:3      | Reached skill level 1 in Polearms
  3262 | D:3      | Noticed Jessica
  3274 | D:3      | Killed Jessica
  3566 | D:3      | Noticed Terence
  3583 | D:3      | Killed Terence
  3758 | D:3      | Found a runed translucent gate.
  3758 | D:3      | Found a runed translucent gate.
  3758 | D:3      | Found a runed translucent gate.
  3907 | D:3      | Noticed pkoi's ghost (amateur DgWr)
  4004 | D:3      | Killed pkoi's ghost
  4005 | D:3      | Reached skill level 5 in Fighting
  4005 | D:3      | Reached XP level 8. HP: 49/62 MP: 8/8
  4178 | D:3      | Identified the +3 leather armour "Sat Feyrr" {rPois Will++
                  | Int+3}
  5383 | D:3      | HP: 1/62 [wight/+5 hand axe of freezing (5)]
  5385 | D:3      | Reached XP level 9. HP: 1/69 MP: 9/9
  5799 | D:4      | Reached skill level 5 in Polearms
  6212 | D:4      | Reached skill level 6 in Fighting
  6287 | D:5      | Entered Level 5 of the Dungeon
  6466 | D:5      | Reached skill level 5 in Axes
  6466 | D:5      | Reached skill level 5 in Armour
  6466 | D:5      | Reached skill level 5 in Shields
  6722 | D:5      | Reached skill level 1 in Stealth
  6791 | D:5      | Found a shadowy altar of Dithmenos.
  6969 | D:5      | Found an iron altar of Okawaru.
  6979 | D:5      | Became a worshipper of Warmaster Okawaru
  7475 | D:6      | Reached skill level 7 in Fighting
  7588 | D:6      | Found a staircase to the Ecumenical Temple.
  7610 | Temple   | Entered the Ecumenical Temple
  7832 | D:6      | Identified the +8 long sword of Niapukh {vorpal, Str+2
                  | Int+4}
  7954 | D:6      | HP: 3/72 [ogre/+0 giant spiked club (29)]
  7960 | D:6      | Noticed Duvessa
  8287 | D:6      | Reached skill level 1 in Long Blades
  8287 | D:6      | Reached XP level 10. HP: 79/79 MP: 10/10
  8287 | D:6      | Noticed Dowan
  8299 | D:6      | Reached * piety under Okawaru
  8322 | D:6      | Killed Duvessa
  8324 | D:6      | Killed Dowan
  9105 | D:7      | Found a glowing golden altar of the Shining One.
  9129 | D:7      | Found a sacrificial altar of Ru.
  9266 | D:7      | Reached ** piety under Okawaru
  9514 | D:7      | Reached skill level 5 in Long Blades
  9682 | D:7      | Noticed a gargoyle
  9690 | D:7      | Killed a gargoyle
  9773 | D:7      | Noticed a gargoyle
  9781 | D:7      | Killed a gargoyle
  9792 | D:7      | Noticed a gargoyle
  9802 | D:7      | Killed a gargoyle
  9803 | D:7      | Reached skill level 8 in Fighting
  9803 | D:7      | Reached skill level 5 in Dodging
  9975 | D:7      | Noticed a gargoyle
  9978 | D:7      | Killed a gargoyle
 10031 | D:7      | Noticed a gargoyle
 10039 | D:7      | Killed a gargoyle
 10039 | D:7      | Reached *** piety under Okawaru
 10040 | D:7      | Reached XP level 11. HP: 16/86 MP: 11/11
 10410 | D:8      | Noticed Maggie
 10415 | D:8      | Noticed Maurice
 10661 | D:7      | Killed Maurice
 10686 | D:8      | Killed Maggie
 10993 | D:8      | Noticed Gastronok
 11144 | D:8      | Killed Gastronok
 11144 | D:8      | Reached **** piety under Okawaru
 11491 | D:8      | Found a blossoming altar of Fedhas.
 12042 | D:9      | Reached skill level 9 in Fighting
 12083 | D:9      | Received a gift from Okawaru
 12342 | D:9      | Noticed a two-headed ogre
 12352 | D:9      | Killed a two-headed ogre
 12581 | D:10     | Entered Level 10 of the Dungeon
 12581 | D:10     | Found a staircase to the Orcish Mines.
 12600 | D:10     | Slain by a meliai

Illustrated notes

Levels and vault maps discovered:
D:1:      evilmike_arrival_crescent, layout_basic,
          hellmonk_ecumenical_altar_blasted, serial_corexii_hall,
          chequers_hall_statues_y, corexii_hall_statues_i
D:2:      layout_basic, uniq_sigmund
D:3:      minmay_door_path, layout_basic, ebering_ghost_rock_garden,
          feat_on_display, uniq_jessica, uniq_grinder, uniq_terence
D:4:      kennysheep_spiral_hall, layout_basic, minmay_manual_mail
D:5:      layout_loops_ring, mainiacjoe_overflow_small_starburst,
          mainiacjoe_overflow_brackets, nicolae_sextant
D:6:      layout_rooms, minmay_temple_entry_butterflies, minmay_diced_spiral,
          uniq_duvessa
D:7:      cheibrodos_statue_roulette, layout_loops_ring, tso_metal_star,
          nicolae_ru_great_annihilating_truth
D:8:      layout_basic, fedhas_altar_fruit_tree, uniq_maurice, uniq_gastronok,
          uniq_maggie
D:9:      layout_basic
D:10:     layout_cave_pods, general_overflow_altar,
          minmay_orc_entry_temple_small, special_room [special_room_bee],
          hangedman_decor_clover_reticule, library_closet, dk_noncrumbling_3,
          uniq_nergalle
Temple:   eino_temple_scatter_basement

Skill      XL: |  1  2  3  4  5  6  7  8  9 10 11 |
---------------+----------------------------------+-----
Axes           | 3 4 6 |  6.2
Dodging        | 1 2 4 5 6 |  6.1
Fighting       | 4 5 7 8 9 |  9.3
Armour         | 4 5 |  5.6
Polearms       | 2 4 5 |  5.2
Shields        | 4 5 6 |  6.4
Stealth        | 1 3 4 |  4.2
Long Blades    | 1 6 8 |  8.8

Action                   |  1- 3 |  4- 6 |  7- 9 | 10-12 || total
-------------------------+-------+-------+-------+-------++-------
Melee: War axe           |   108 |    36 |       |       ||   144
       Hand axe          |       |    24 |   154 |       ||   178
       Spear             |       |    13 |   236 |       ||   249
       Long sword        |       |       |    17 |   326 ||   343
  Use: Scroll            |     2 |       |     8 |     7 ||    17
       Potion            |       |     1 |       |     1 ||     2
 Stab: Sleeping          |       |       |       |     3 ||     3
       Paralysed         |       |       |       |     1 ||     1
Armor: Scale mail        |    12 |       |    12 |       ||    24
       Chain mail        |    59 |    39 |    33 |       ||   131
       Leather armour    |       |       |    90 |    78 ||   168
       Skin              |       |       |       |    34 ||    34
Dodge: Dodged            |    48 |    30 |   272 |   209 ||   559
Block: Buckler           |    20 |    18 |   106 |    95 ||   239
